 Dungeon Crawl Stone Soup version 0.29.1-14-g9c671dbff4 (webtiles) character file.

Game seed: 13059432226430009010

2179 MacCMillion the Grappler (level 9, -1/88 HPs)
             Began as a Troll Fighter on Feb 20, 2023.
             Was a Believer of Wu Jian.
             Slain by an ice beast (2 damage)
             ... while paralysed by a hornet
             ... on level 6 of the Dungeon.
             The game lasted 00:09:41 (4329 turns).

MacCMillion the Grappler (Troll Fighter)            Turns: 4329, Time: 00:09:41

Health: -1/88      AC:  7    Str: 26    XL:     9   Next: 11%
Magic:  8/8        EV:  1    Int:  8    God:    Wu Jian [**....]
Gold:   298        SH:  0    Dex:  9    Spells: 8/8 levels left

rFire   + . .      SeeInvis .     - Unarmed
rCold   . . .      Faith    .   b - +0 kite shield
rNeg    . . .      Spirit   .   a - +0 robe
rPois   .          Reflect  .   (helmet restricted)
rElec   .          Harm     .   p - +2 cloak
rCorr   .          Rampage  .   (gloves unavailable)
Will    +....                   (boots unavailable)
Stlth   +.........              (no amulet)
HPRegen 1.04/turn               l - +4 ring of evasion
MPRegen 0.11/turn               (no ring)

@: paralysed, mighty, lethally poisoned (-1 -> -4), slowed
A: large, unfitting armour, claws 3, regeneration 1, shaggy fur 1, tough skin 1,
fire resistance 1, strong-willed 1
a: Renounce Religion, Wall Jump


You were on level 6 of the Dungeon.
You worshipped Wu Jian.
Wu Jian was pleased with you.
You visited 2 branches of the dungeon, and saw 8 of its levels.

You collected 298 gold pieces.

Inventory:

Armour
 a - a +0 robe (worn)
 b - a +0 kite shield (worn)
 p - a +2 cloak (worn)
Jewellery
 j - a +6 ring of intelligence
 k - an amulet of magic regeneration
 l - a +4 ring of evasion (left claw)
Wands
 y - a wand of roots (12)
Scrolls
 d - 3 scrolls of noise
 e - 4 scrolls of vulnerability {unknown}
 g - 8 scrolls of identify {unknown}
 h - 3 scrolls of fog {unknown}
 i - 3 scrolls of poison {unknown}
 m - a scroll of enchant weapon {unknown}
 n - 2 scrolls of teleportation {unknown}
 s - a scroll of blinking {unknown}
 t - a scroll of enchant armour {unknown}
 v - a scroll of magic mapping {unknown}
 w - a scroll of immolation {unknown}
Potions
 f - a potion of curing
 o - a potion of magic {unknown}
 q - a potion of mutation
 r - a potion of flight {unknown}
 u - a potion of heal wounds {unknown}
 x - 2 potions of lignification {unknown}


   Skills:
 + Level 5.4 Fighting
 - Level 2.4 Dodging
 + Level 5.9 Shields
 * Level 9.1 Unarmed Combat


You had 8 spell levels left.
You didn't know any spells.
Your spell library contained the following spells:

 Spells                   Type           Power      Damage    Failure   Level
 Sublimation of Blood     Necr           0%         N/A       80%         2
 Tukima's Dance           Hex            0%         N/A       95%         3
 Passage of Golubria      Tloc           0%         N/A       100%        4
 Petrify                  Tmut/Erth      0%         N/A       100%        4
 Irradiate                Conj/Tmut      0%         3d11      100%        5
 Yara's Violent Unravell  Hex/Tmut       0%         3d3       100%        5


Dungeon Overview and Level Annotations

Branches:
Dungeon (7/15)             Temple (1/1) D:4

Altars:
Ashenzari
Dithmenos
Gozag
Vehumet
Wu Jian
The Shining One

Shops:
D:5 [

Portals:
Abyss: D:4

Annotations:
D:4 2 transporters, raetorn's ghost, amateur OpHW
D:5 hornet


Innate Abilities, Weirdness & Mutations

You are too large for most types of armour.
You have claws for hands.
Your natural rate of healing is unusually fast.
You are covered in fur. (AC +1)
You have tough skin. (AC +1)
Your flesh is heat resistant. (rF+)
You are strong-willed. (Will+)


Message History

* * * LOW HITPOINT WARNING * * *
You are poisoned.
You feel as though you will be slow longer.
The ice beast hits you.
* * * LOW HITPOINT WARNING * * *
The ice beast freezes you!
* * * LOW HITPOINT WARNING * * *
Unknown command.
Unknown command.
It was a potion of curing.
You feel better. You block the hornet's attack.
The ice beast barely misses you. The hornet stings you.
* * * LOW HITPOINT WARNING * * *
You feel as though you will be slow longer.
As you read the scroll labelled JYLELLOUTYMM, it crumbles to dust.
You hear a loud clanging noise!
It was a scroll of noise.
You block the hornet's attack. The ice beast barely misses you.
The hornet misses you.
The ice beast hits you but does no damage.
Okay, then.
It was a potion of mutation.
You feel extremely strange.
You feel resistant to heat.
You feel strong-willed. The hornet barely misses you.
The hornet closely misses you. The ice beast misses you.
The hornet closely misses you.
You feel very mighty all of a sudden. You block the hornet's attack.
You block the ice beast's attack. You block the hornet's attack.
The ice beast hits you but does no damage.
You miss the hornet.
The hornet is heavily wounded.
The hornet barely misses you. You block the ice beast's attack.
The hornet stings you.
* * * LOW HITPOINT WARNING * * *
You are poisoned.
You suddenly lose the ability to move!
You feel very sick. The hornet stings you.
* * * LOW HITPOINT WARNING * * *
You feel as though you will be slow longer.
The ice beast hits you.
You die...

#### ##..##.##....#...........).
#............#.............
#............#.............
#............#.............
#...>........#............#
#............#......#######
#########....#......#......
##...####[.Y.#......#......
#.....#..y@[.'......#....##
#.....#......#......#....#.
#.....#......#......#....#.
########'####......#......#[...#.
...........##......#......#....#.
...........'.......#......#<...#.
...........#.......#......#....#.
...........#.......#......#....#.
...........#.......#......#....#.


You could see a hornet and an ice beast.

Vanquished Creatures
  A wyvern (D:6)
  Eustachio (D:6)
  A water moccasin (D:5)
  An orc warrior (D:6)
  An ice beast (D:6)
  A sky beast (D:6)
  A black bear (D:6)
  An ogre (D:5)
  4 phantoms
  A gnoll sergeant (D:5)
  2 scorpions
  2 necrophages
  2 howler monkeys (D:7)
  5 hounds
  5 orc priests
  3 orc wizards
  2 iguanas
  9 adders
  4 gnolls (D:5)
  A shadow imp (D:7)
  A white imp (D:6)
  3 ufetubi (D:5)
  2 worms
  2 dart slugs
  16 orcs
  6 ball pythons
  8 bats
  5 endoplasms
  5 giant cockroaches
  7 goblins
  6 hobgoblins
  5 jackals
  7 kobolds
  5 quokkas
  3 frilled lizards
  4 rats
133 creatures vanquished.

Notes
Turn   | Place    | Note
-------+----------+-------------------------------------------
     0 | D:1      | MacCMillion the Troll Fighter began the quest for the Orb.
     0 | D:1      | Reached XP level 1. HP: 22/22 MP: 0/0
    92 | D:1      | Reached XP level 2. HP: 29/29 MP: 1/1
   290 | D:1      | Found a faded altar of an unknown god.
   637 | D:2      | Reached XP level 3. HP: 36/36 MP: 2/2
  1276 | D:3      | Reached skill level 3 in Unarmed Combat
  1276 | D:3      | Reached XP level 4. HP: 45/45 MP: 3/3
  1788 | D:3      | Reached skill level 4 in Unarmed Combat
  1788 | D:3      | Reached XP level 5. HP: 37/53 MP: 4/4
  1837 | D:4      | Found a staircase to the Ecumenical Temple.
  1851 | Temple   | Entered the Ecumenical Temple
  1856 | Temple   | Became a worshipper of the Wu Jian Council
  2050 | D:4      | Reached skill level 5 in Unarmed Combat
  2112 | D:4      | Found a one-way gate to the infinite horrors of the Abyss.
  2112 | D:4      | Noticed raetorn's ghost (amateur OpHW)
  2114 | D:4      | Noticed a small abomination
  2118 | D:4      | Found a transporter.
  2121 | D:4      | Noticed a small abomination
  2151 | D:4      | Reached XP level 6. HP: 60/61 MP: 5/5
  2170 | D:4      | Found a transporter.
  2394 | D:5      | Entered Level 5 of the Dungeon
  2449 | D:5      | Reached * piety under Wu Jian
  2478 | D:5      | Noticed a water moccasin
  2480 | D:5      | Reached skill level 6 in Unarmed Combat
  2480 | D:5      | Reached XP level 7. HP: 58/67 MP: 6/6
  2547 | D:5      | Noticed a hornet
  2596 | D:5      | Reached skill level 7 in Unarmed Combat
  2694 | D:5      | Found Fuvourghi's Antique Armour Emporium.
  2745 | D:5      | Found an opulent altar of Gozag.
  2962 | D:6      | Reached XP level 8. HP: 79/79 MP: 7/7
  2996 | D:6      | Reached skill level 5 in Shields
  3464 | D:6      | Reached skill level 8 in Unarmed Combat
  3540 | D:6      | Noticed Eustachio
  3553 | D:6      | Killed Eustachio
  3832 | D:6      | Reached skill level 5 in Fighting
  3994 | D:7      | Noticed a hornet
  3995 | D:7      | Reached ** piety under Wu Jian
  4094 | D:6      | Reached XP level 9. HP: 75/88 MP: 8/8
  4101 | D:6      | Reached skill level 9 in Unarmed Combat
  4320 | D:6      | Paralysed by a hornet for 3 turns
  4323 | D:6      | HP: 3/88 [ice beast (12)]
  4326 | D:6      | Gained mutation: Your flesh is heat resistant. (rF+)
                  | [potion of mutation]
  4326 | D:6      | Gained mutation: You are strong-willed. (Will+) [potion of
                  | mutation]
  4328 | D:6      | Paralysed by a hornet for 2 turns
  4329 | D:6      | HP: 1/88 [hornet (5)]
  4329 | D:6      | Slain by an ice beast

Illustrated notes

Levels and vault maps discovered:
D:1:      lemuel_arrival_rhombus, layout_rooms,
          shapermc_ecumenical_altar_starsandcircs, dk_noncrumbling_3,
          nicolae_wormholes
D:2:      layout_loops_cross
D:3:      layout_loops_ring
D:4:      layout_cave_pools, minmay_temple_entry_statues,
          gammafunk_ghost_abyssal_escape
D:5:      layout_gridville, nicolae_overflow_crystal_walls, serial_shops,
          nicolae_shop_stone, uniq_blork_the_orc
D:6:      layout_gridville, uniq_eustachio
D:7:      layout_rooms, kennysheep_slug_shrine, kb_lookout_dungeons_type,
          minmay_crystal_room
Temple:   hellmonk_temple_of_storms

Skill      XL: |  1  2  3  4  5  6  7  8  9 |
---------------+----------------------------+-----
Shields        | 3 4 5 |  5.9
Fighting       | 3 4 5 |  5.4
Unarmed Combat | 3 4 5 6 7 8 9 |  9.1
Dodging        | |  2.4

Action                   |  1- 3 |  4- 6 |  7- 9 || total
-------------------------+-------+-------+-------++-------
Melee: Unarmed           |   120 |   163 |   187 ||   470
Invok: Lunge             |       |    15 |    17 ||    32
       Whirlwind         |       |       |    20 ||    20
  Use: Potion            |       |       |     3 ||     3
       Scroll            |       |       |     1 ||     1
 Stab: Sleeping          |     1 |       |       ||     1
Armor: Robe              |    37 |    43 |    51 ||   131
Dodge: Dodged            |    37 |    66 |    79 ||   182
Block: Kite shield       |    44 |    60 |    73 ||   177
